 Dungeon Crawl Stone Soup version 0.20-b1-18-gaa2fd62 (webtiles) character file.

349 MTVSty1e the Skirmisher (level 6, -1/48 HPs)
             Began as a Demonspawn Gladiator on May 24, 2017.
             Slain by an ogre
             ... wielding a +0 giant club
              (21 damage)
             ... on level 4 of the Dungeon.
             The game lasted 00:05:11 (3399 turns).

MTVSty1e the Skirmisher (Demonspawn Gladiator)      Turns: 3399, Time: 00:05:12

Health: -1/48      AC:  9    Str: 22    XL:     6   Next: 33%
Magic:  6/6        EV: 12    Int:  9    God:
Gold:   116        SH:  0    Dex: 14    Spells: 5/5 levels left

rFire    . . .     SeeInvis .   a - +0 war axe
rCold    . . .     Gourm    .   (no shield)
rNeg     . . .     Faith    .   v - +0 scale mail
rPois    .         Spirit   .   c - +0 helmet
rElec    .         Reflect  .   (no cloak)
rCorr    .         Harm     .   (no gloves)
MR       .....                  (no boots)
Stlth    +.........             (no amulet)
Regen    0.2/turn               q - +5 ring of strength
MPRegen  0.1/turn               b - ring of stealth

@: no status effects
A: claws 1, thin metallic scales 1, powered by pain 1
a: no special abilities


You were on level 4 of the Dungeon.
You were not hungry.

You visited 1 branch of the dungeon, and saw 4 of its levels.

You collected 116 gold pieces.

Inventory:

Hand Weapons
 a - a +0 war axe (weapon)
Missiles
 d - 3 throwing nets (quivered)
Armour
 c - a +0 helmet (worn)
 v - a +0 scale mail (worn)
Jewellery
 b - a ring of stealth (right claw)
 q - a +5 ring of strength (left claw)
Scrolls
 e - 2 scrolls of enchant weapon {unknown}
 g - 3 scrolls of identify {unknown}
 h - a scroll of fear {unknown}
 j - a scroll of enchant armour {unknown}
 l - 3 scrolls of magic mapping {unknown}
 m - 3 scrolls of remove curse {unknown}
 n - a scroll of blinking {unknown}
 t - a scroll of teleportation {unknown}
Potions
 f - a potion of flight {unknown}
 i - a potion of cancellation {unknown}
 k - 2 potions of ambrosia {unknown}
 o - a potion of heal wounds {unknown}
 p - a potion of agility {unknown}
 u - a potion of curing {unknown}
Comestibles
 r - 2 bread rations


   Skills:
 * Level 4.2 Fighting
 + Level 3.7 Axes
 - Level 1.7 Throwing
 + Level 2.5 Armour
 + Level 3.8 Dodging


You had 5 spell levels left.
You didn't know any spells.

Dungeon Overview and Level Annotations

Branches:
Dungeon (4/15)
 Temple: D:4-7

Altars:
Yredelemnul


Innate Abilities, Weirdness & Mutations

You have sharp fingernails.
You are partially covered in thin metallic scales. (AC +2)
You sometimes gain a little power by taking damage.


Message History

You kill the adder!
You barely miss the adder. The ogre hits you with a giant club.
The adder barely misses you.
Unknown command.
You slash the ogre!
The ogre is severely wounded.
You closely miss the adder. The adder closely misses you.
The ogre hits you with a giant club! The adder completely misses you.
Unknown command.
You are too injured to fight recklessly!
Unknown command.
You are too injured to fight recklessly!
You closely miss the ogre.
The ogre is severely wounded.
You hit the adder. The adder bites you but does no damage. The ogre misses you.
The adder bites you.
You barely miss the ogre.
The ogre is severely wounded.
You hit the adder. The ogre hits you with a giant club!!
You die...

#. . #. ### .. .. ..#
.#.##. #.# .#
......####.###.###
>................ #.
......S....##... .##.
......O@...##.###.##.##.
.#.......?.†.......#.##.
.........[....####+#.##.
.#............#......##.
#............#......##.
......#.......#......##.
#######.......##+#...#..
##.........#.#.#..
#...........#....


You could see an ogre and an adder.

Vanquished Creatures
  A phantom (D:4)
  An orc wizard (D:3)
  An orc priest (D:3)
  A gnoll (D:1)
  8 adders
  An ooze (D:1)
  4 worms
  A dart slug (D:1)
  2 leopard geckos (D:1)
  13 orcs
  6 bats
  5 giant cockroaches
  10 goblins
  10 hobgoblins
  9 jackals
  A kobold (D:3)
  2 quokkas (D:2)
  5 frilled lizards
  A jackal skeleton (D:4)
  7 rats
89 creatures vanquished.

Notes
Turn   | Place    | Note
-------+----------+-------------------------------------------
     0 | D:1      | MTVSty1e the Demonspawn Gladiator began the quest for the Orb.
     0 | D:1      | Reached XP level 1. HP: 16/16 MP: 1/1
   110 | D:1      | Gained mutation: You sometimes gain a little power by taking damage. [demonic ancestry]
   110 | D:1      | Reached XP level 2. HP: 17/22 MP: 2/2
   569 | D:1      | Reached skill level 1 in Armour
   724 | D:1      | Gained mutation: You have sharp fingernails. [demonic ancestry]
   724 | D:1      | Reached XP level 3. HP: 28/28 MP: 3/3
  1116 | D:2      | Found a basalt altar of Yredelemnul.
  1174 | D:2      | Gained mutation: You are partially covered in thin metallic scales. (AC +2) [demonic ancestry]
  1174 | D:2      | Reached XP level 4. HP: 24/34 MP: 4/4
  1175 | D:2      | Reached skill level 3 in Fighting
  2185 | D:3      | Reached XP level 5. HP: 35/41 MP: 5/5
  3243 | D:4      | Noticed a phantom
  3266 | D:4      | Killed a phantom
  3266 | D:4      | Reached skill level 4 in Fighting
  3266 | D:4      | Reached XP level 6. HP: 37/48 MP: 6/6
  3399 | D:4      | Slain by an ogre

Skill      XL: |  1  2  3  4  5 |
---------------+----------------+-----
Armour         | 1 2 |  2.5
Dodging        | 3 |  3.8
Axes           | 3 |  3.7
Fighting       | 3 4 |  4.2
Throwing       | |  1.7

Action                   |  1- 3 |  4- 6 || total
-------------------------+-------+-------++-------
Melee: War axe           |    98 |   192 ||   290
 Stab: Sleeping          |       |     2 ||     2
       Distracted        |       |     1 ||     1
  Eat: Bread ration      |     1 |       ||     1
       Meat ration       |       |     1 ||     1
Armor: Leather armour    |    29 |    17 ||    46
       Ring mail         |       |    38 ||    38
       Scale mail        |       |    15 ||    15
Dodge: Dodged            |    85 |   138 ||   223
